 Dungeon Crawl Stone Soup version 0.31-a0-229-g1fc7ce93e2 (webtiles) character file.

Game seed: 13411218461032595415

33 qw the Shooter (level 3, 0/22 HPs)
             Began as a Gargoyle Hexslinger on July 6, 2023.
             Slain by a worm (8 damage)
             ... on level 2 of the Dungeon.
             The game lasted 00:00:17 (624 turns).

qw the Shooter (Gargoyle Hexslinger)                 Turns: 624, Time: 00:00:18

Health: 0/22       AC:  8    Str: 11    XL:     3   Next: 29%
Magic:  4/4        EV: 10    Int: 13    God:
Gold:   78         SH:  0    Dex: 14    Spells: 3/4 levels left

rFire   . . .        Y - +1 sling
rCold   . . .        (no shield)
rNeg    + . .        d - +0 ring mail
rPois   inf          (no helmet)
rElec   +            (no cloak)
rCorr   .            (no gloves)
SInv    .            (no boots)
Will    .....        (no amulet)
Stlth   +            (no ring)
HPRegen 0.23/turn    (no ring)
MPRegen 0.09/turn

%: no passive effects
@: no status effects
A: sickness immunity, AC +3, negative energy resistance 1, electricity
resistance, torment resistance 1, petrification resistance
a: no special abilities


You were on level 2 of the Dungeon.
You visited 1 branch of the dungeon, and saw 2 of its levels.

You collected 78 gold pieces.


Innate Abilities, Weirdness & Mutations

You are immune to sickness and miasma.
Your stone body is resilient. (AC +3)
You are immune to poison.
You resist negative energy. (rN+)
You are resistant to electric shocks. (rElec)
You are resistant to unholy torment.
You are immune to petrification.


   Skills:
 - Level 2.3 Fighting
 + Level 3.0 Ranged Weapons
 - Level 1.5 Dodging
 - Level 1.0 Spellcasting
 - Level 2.6 Hexes


You had 3 spell levels left.
You knew the following spells:

 Your Spells              Type           Power      Damage    Failure   Level
a - Slow                  Hex            28%        N/A       22%         1

Your spell library contained the following spells:

 Spells                   Type           Power      Damage    Failure   Level
 Inner Flame              Hex/Fire       4%         N/A       75%         3
 Portal Projectile        Hex/Tloc       8%         N/A       75%         3
 Cause Fear               Hex            3%         N/A       92%         4

Inventory:

Hand Weapons
 Y - a +1 sling (weapon)
Armour
 d - a +0 ring mail (worn)
Scrolls
 g - a scroll of identify
Potions
 f - a potion of heal wounds {unknown}

Dungeon Overview and Level Annotations

Branches:
Dungeon (2/15)

Altars:


Message History

You start resting.
HP restored.
A worm comes into view.
You shoot a sling bullet. The sling bullet hits the worm.
The worm is lightly wounded.
You hear a shout!
You shoot a sling bullet. The sling bullet hits the worm.
The worm is moderately wounded.
A goblin comes into view. It is wielding a +0 dagger.
You shoot a sling bullet.
The sling bullet closely misses the goblin.
You shoot a sling bullet. The sling bullet hits the goblin.
The goblin is severely wounded.
The goblin barely misses you. x2
You shoot a sling bullet. The sling bullet hits the goblin!
You kill the goblin!
You shoot a sling bullet. The sling bullet hits the worm.
The worm is moderately wounded.
The worm bites you.
You shoot a sling bullet.
The sling bullet hits the worm but does no damage.
The worm is lightly wounded.
You shoot a sling bullet. The sling bullet hits the worm.
The worm is heavily wounded.
The worm barely misses you.
You shoot a sling bullet.
The sling bullet barely misses the worm.
The worm bites you!
You shoot a sling bullet. The sling bullet hits the worm.
The worm is heavily wounded.
The worm bites you.
You shoot a sling bullet.
The sling bullet barely misses the worm.
The worm bites you but does no damage.
You shoot a sling bullet.
The sling bullet completely misses the worm.
You shoot a sling bullet. The sling bullet hits the worm.
The worm is heavily wounded.
The worm bites you!
You die...

######
.....# #
.....# ..
<....# ...
.....# ....
.....#
####.....
#.##.##
####.w......
#.##..#
#...@#
#.###.#
#.#### #.#
#.## ##.#
..# #..##
##..# ..#
##..###..##
..#
##..#..##
..# #....##
#...## #.#.#


You could see a worm.

Vanquished Creatures
  An adder (D:2)
  A bat (D:1)
  4 endoplasms
  A giant cockroach (D:1)
  2 hobgoblins (D:1)
  A quokka (D:1)
  A ball python (D:1)
  2 frilled lizards
  2 goblins
  4 kobolds (D:1)
  4 rats (D:1)
23 creatures vanquished.

Notes
Turn   | Place    | Note
-------+----------+-------------------------------------------
     0 | D:1      | qw the Gargoyle Hexslinger began the quest for the Orb.
     0 | D:1      | Reached XP level 1. HP: 12/12 MP: 2/2
     0 | D:1      | 0 ||| qw: Version: 0.3-a-46-gb1f654a
     0 | D:1      | 0 ||| qw: Game counter: 1272
     0 | D:1      | 0 ||| qw: Melee chars always use a shield: true
     0 | D:1      | 0 ||| qw: God list: Okawaru
     0 | D:1      | 0 ||| qw: Allow faded altars: false
     0 | D:1      | 0 ||| qw: Do Orc after clearing Dungeon:15 true
     0 | D:1      | 0 ||| qw: Do second Lair branch before Depths: true
     0 | D:1      | 0 ||| qw: Lair rune preference: random
     0 | D:1      | 0 ||| qw: Goals: Normal
     0 | D:1      | 0 ||| PLANNING D:1-11
   225 | D:1      | Reached XP level 2. HP: 16/16 MP: 3/3
   283 | D:1      | Reached skill level 3 in Ranged Weapons
   491 | D:1      | 491 ||| UPGRADING to +0 ring mail.
   501 | D:1      | 501 ||| DROPPING +0 robe.
   502 | D:1      | 502 ||| READING scroll labelled ORAAZI KENLUFF.
   503 | D:1      | 503 ||| READING 2 scrolls labelled KOELAVVI KYHOTAC.
   504 | D:1      | 504 ||| DROPPING scroll of poison.
   528 | D:2      | 528 ||| STAIRDANCE
   589 | D:2      | Reached XP level 3. HP: 19/22 MP: 4/4
   624 | D:2      | Slain by a worm

Levels and vault maps discovered:
D:1:      minmay_arrival_up_and_down, layout_rooms, minmay_vboxes
D:2:      layout_rooms

Skill      XL: |  1  2 |
---------------+-------+-----
Ranged Weapons | 3 |  3.0
Fighting       | 2 |  2.3
Dodging        | |  1.5
Spellcasting   | |  1.0
Hexes          | |  2.6

Action                     || total
---------------------------++-------
   Fire: Sling             ||    71
    Use: Scroll            ||     2
 Armour: Robe              ||     4
         Ring mail         ||     9
  Dodge: Dodged            ||    17

Table legend:
 A = Non-vault XP
 B = Vault XP
 C = Vault XP percentage of total XP
 D = Non-vault monster count
 E = Vault monster count
 F = Vault count percentage of total count
                 A         B        C        D         E       F
            +---------+---------+-------+---------+---------+-------
      Total |      40 |       8 |  16.7 |      19 |       4 |  17.4
            +---------+---------+-------+---------+---------+-------
        D:1 |      22 |       8 |  26.7 |      15 |       4 |  21.1
        D:2 |      18 |       0 |   0.0 |       4 |       0 |   0.0
            +---------+---------+-------+---------+---------+-------
